Workbook

Sheet Flujo de caja
A1: Mes | B1: Fecha de cobro | C1: Inmueble | D1: Propietario / sociedad | E1: Inquilino | F1: Renta contractual (€) | G1: Días de ocupación | H1: Renta cobrada (€) | I1: Fianza / depósito (€) | J1: Gastos de comunidad (€) | K1: IBI prorrateado (€) | L1: Seguro (€) | M1: Reparaciones y mantenimiento (€) | N1: Suministros a cargo del propietario (€) | O1: Intereses hipotecarios (€) | P1: Cuota hipotecaria (€) | Q1: Otros gastos (€) | R1: Ingresos totales (€) | S1: Gastos operativos (€) | T1: Flujo antes de deuda (€) | U1: Flujo neto después de deuda (€) | V1: Estado de cobro | W1: Observaciones
A2: Enero 2026 | B2: 46027 | C2: Calle Mayor 12, 3ºB, Madrid · Ref. 1234567VK4713S0001AB | D2: Patrimonial García López, S.L. · NIF B12345678 | E2: María García · NIF 12345678Z | F2: 1150 | G2: 31 | H2: 1150 | I2: 1150 | J2: 75 | K2: 42 | L2: 25 | M2: 0 | N2: 0 | O2: 312 | P2: 780 | Q2: 0 | R2: =IF('Flujo de caja'!$A2="","",'Flujo de caja'!$H2+'Flujo de caja'!$I2) | S2: =IF('Flujo de caja'!$A2="","",'Flujo de caja'!$J2+'Flujo de caja'!$K2+'Flujo de caja'!$L2+'Flujo de caja'!$M2+'Flujo de caja'!$N2+'Flujo de caja'!$Q2) | T2: =IF('Flujo de caja'!$A2="","",'Flujo de caja'!$R2-'Flujo de caja'!$S2) | U2: =IF('Flujo de caja'!$A2="","",'Flujo de caja'!$T2-'Flujo de caja'!$P2) | V2: =IF(OR('Flujo de caja'!$A2="",'Flujo de caja'!$F2=""),"",IF('Flujo de caja'!$H2>='Flujo de caja'!$F2,"Cobrado","Pendiente")) | W2: Alta del contrato y constitución de fianza.
A3: Febrero 2026 | B3: 46058 | C3: Calle Mayor 12, 3ºB, Madrid · Ref. 1234567VK4713S0001AB | D3: Patrimonial García López, S.L. · NIF B12345678 | E3: María García · NIF 12345678Z | F3: 1150 | G3: 28 | H3: 1150 | I3: 0 | J3: 75 | K3: 42 | L3: 25 | M3: 0 | N3: 0 | O3: 311 | P3: 780 | Q3: 0 | R3: =IF('Flujo de caja'!$A3="","",'Flujo de caja'!$H3+'Flujo de caja'!$I3) | S3: =IF('Flujo de caja'!$A3="","",'Flujo de caja'!$J3+'Flujo de caja'!$K3+'Flujo de caja'!$L3+'Flujo de caja'!$M3+'Flujo de caja'!$N3+'Flujo de caja'!$Q3) | T3: =IF('Flujo de caja'!$A3="","",'Flujo de caja'!$R3-'Flujo de caja'!$S3) | U3: =IF('Flujo de caja'!$A3="","",'Flujo de caja'!$T3-'Flujo de caja'!$P3) | V3: =IF(OR('Flujo de caja'!$A3="",'Flujo de caja'!$F3=""),"",IF('Flujo de caja'!$H3>='Flujo de caja'!$F3,"Cobrado","Pendiente")) | W3: Cobro completo.
A4: Marzo 2026 | B4: 46086 | C4: Calle Mayor 12, 3ºB, Madrid · Ref. 1234567VK4713S0001AB | D4: Patrimonial García López, S.L. · NIF B12345678 | E4: María García · NIF 12345678Z | F4: 1150 | G4: 31 | H4: 1150 | I4: 0 | J4: 75 | K4: 42 | L4: 25 | M4: 120 | N4: 0 | O4: 310 | P4: 780 | Q4: 0 | R4: =IF('Flujo de caja'!$A4="","",'Flujo de caja'!$H4+'Flujo de caja'!$I4) | S4: =IF('Flujo de caja'!$A4="","",'Flujo de caja'!$J4+'Flujo de caja'!$K4+'Flujo de caja'!$L4+'Flujo de caja'!$M4+'Flujo de caja'!$N4+'Flujo de caja'!$Q4) | T4: =IF('Flujo de caja'!$A4="","",'Flujo de caja'!$R4-'Flujo de caja'!$S4) | U4: =IF('Flujo de caja'!$A4="","",'Flujo de caja'!$T4-'Flujo de caja'!$P4) | V4: =IF(OR('Flujo de caja'!$A4="",'Flujo de caja'!$F4=""),"",IF('Flujo de caja'!$H4>='Flujo de caja'!$F4,"Cobrado","Pendiente")) | W4: Revisión de termo eléctrico.
A5: Abril 2026 | B5: 46117 | C5: Calle Mayor 12, 3ºB, Madrid · Ref. 1234567VK4713S0001AB | D5: Patrimonial García López, S.L. · NIF B12345678 | E5: María García · NIF 12345678Z | F5: 1150 | G5: 30 | H5: 1150 | I5: 0 | J5: 75 | K5: 42 | L5: 25 | M5: 35 | N5: 0 | O5: 309 | P5: 780 | Q5: 0 | R5: =IF('Flujo de caja'!$A5="","",'Flujo de caja'!$H5+'Flujo de caja'!$I5) | S5: =IF('Flujo de caja'!$A5="","",'Flujo de caja'!$J5+'Flujo de caja'!$K5+'Flujo de caja'!$L5+'Flujo de caja'!$M5+'Flujo de caja'!$N5+'Flujo de caja'!$Q5) | T5: =IF('Flujo de caja'!$A5="","",'Flujo de caja'!$R5-'Flujo de caja'!$S5) | U5: =IF('Flujo de caja'!$A5="","",'Flujo de caja'!$T5-'Flujo de caja'!$P5) | V5: =IF(OR('Flujo de caja'!$A5="",'Flujo de caja'!$F5=""),"",IF('Flujo de caja'!$H5>='Flujo de caja'!$F5,"Cobrado","Pendiente")) | W5: Mantenimiento preventivo.
A6: Mayo 2026 | B6: 46147 | C6: Calle Mayor 12, 3ºB, Madrid · Ref. 1234567VK4713S0001AB | D6: Patrimonial García López, S.L. · NIF B12345678 | E6: María García · NIF 12345678Z | F6: 1150 | G6: 31 | H6: 800 | I6: 0 | J6: 75 | K6: 42 | L6: 25 | M6: 60 | N6: 0 | O6: 308 | P6: 780 | Q6: 15 | R6: =IF('Flujo de caja'!$A6="","",'Flujo de caja'!$H6+'Flujo de caja'!$I6) | S6: =IF('Flujo de caja'!$A6="","",'Flujo de caja'!$J6+'Flujo de caja'!$K6+'Flujo de caja'!$L6+'Flujo de caja'!$M6+'Flujo de caja'!$N6+'Flujo de caja'!$Q6) | T6: =IF('Flujo de caja'!$A6="","",'Flujo de caja'!$R6-'Flujo de caja'!$S6) | U6: =IF('Flujo de caja'!$A6="","",'Flujo de caja'!$T6-'Flujo de caja'!$P6) | V6: =IF(OR('Flujo de caja'!$A6="",'Flujo de caja'!$F6=""),"",IF('Flujo de caja'!$H6>='Flujo de caja'!$F6,"Cobrado","Pendiente")) | W6: Cobro parcial; pendiente 350,00 €.
A7: Junio 2026 | B7: 46178 | C7: Calle Mayor 12, 3ºB, Madrid · Ref. 1234567VK4713S0001AB | D7: Patrimonial García López, S.L. · NIF B12345678 | E7: María García · NIF 12345678Z | F7: 1150 | G7: 30 | H7: 1150 | I7: 0 | J7: 75 | K7: 42 | L7: 25 | M7: 0 | N7: 0 | O7: 307 | P7: 780 | Q7: 0 | R7: =IF('Flujo de caja'!$A7="","",'Flujo de caja'!$H7+'Flujo de caja'!$I7) | S7: =IF('Flujo de caja'!$A7="","",'Flujo de caja'!$J7+'Flujo de caja'!$K7+'Flujo de caja'!$L7+'Flujo de caja'!$M7+'Flujo de caja'!$N7+'Flujo de caja'!$Q7) | T7: =IF('Flujo de caja'!$A7="","",'Flujo de caja'!$R7-'Flujo de caja'!$S7) | U7: =IF('Flujo de caja'!$A7="","",'Flujo de caja'!$T7-'Flujo de caja'!$P7) | V7: =IF(OR('Flujo de caja'!$A7="",'Flujo de caja'!$F7=""),"",IF('Flujo de caja'!$H7>='Flujo de caja'!$F7,"Cobrado","Pendiente")) | W7: Cobro completo.
A8: Julio 2026 | B8: 46208 | C8: Calle Mayor 12, 3ºB, Madrid · Ref. 1234567VK4713S0001AB | D8: Patrimonial García López, S.L. · NIF B12345678 | E8: María García · NIF 12345678Z | F8: 1150 | G8: 31 | H8: 1150 | I8: 0 | J8: 75 | K8: 42 | L8: 25 | M8: 45 | N8: 18 | O8: 306 | P8: 780 | Q8: 0 | R8: =IF('Flujo de caja'!$A8="","",'Flujo de caja'!$H8+'Flujo de caja'!$I8) | S8: =IF('Flujo de caja'!$A8="","",'Flujo de caja'!$J8+'Flujo de caja'!$K8+'Flujo de caja'!$L8+'Flujo de caja'!$M8+'Flujo de caja'!$N8+'Flujo de caja'!$Q8) | T8: =IF('Flujo de caja'!$A8="","",'Flujo de caja'!$R8-'Flujo de caja'!$S8) | U8: =IF('Flujo de caja'!$A8="","",'Flujo de caja'!$T8-'Flujo de caja'!$P8) | V8: =IF(OR('Flujo de caja'!$A8="",'Flujo de caja'!$F8=""),"",IF('Flujo de caja'!$H8>='Flujo de caja'!$F8,"Cobrado","Pendiente")) | W8: Suministro extraordinario de agua.
A9: Agosto 2026 | B9: 46239 | C9: Calle Mayor 12, 3ºB, Madrid · Ref. 1234567VK4713S0001AB | D9: Patrimonial García López, S.L. · NIF B12345678 | E9: María García · NIF 12345678Z | F9: 1150 | G9: 31 | H9: 1150 | I9: 0 | J9: 75 | K9: 42 | L9: 25 | M9: 180 | N9: 0 | O9: 305 | P9: 780 | Q9: 0 | R9: =IF('Flujo de caja'!$A9="","",'Flujo de caja'!$H9+'Flujo de caja'!$I9) | S9: =IF('Flujo de caja'!$A9="","",'Flujo de caja'!$J9+'Flujo de caja'!$K9+'Flujo de caja'!$L9+'Flujo de caja'!$M9+'Flujo de caja'!$N9+'Flujo de caja'!$Q9) | T9: =IF('Flujo de caja'!$A9="","",'Flujo de caja'!$R9-'Flujo de caja'!$S9) | U9: =IF('Flujo de caja'!$A9="","",'Flujo de caja'!$T9-'Flujo de caja'!$P9) | V9: =IF(OR('Flujo de caja'!$A9="",'Flujo de caja'!$F9=""),"",IF('Flujo de caja'!$H9>='Flujo de caja'!$F9,"Cobrado","Pendiente")) | W9: Reparación de persiana y pintura.
A10: Septiembre 2026 | B10: 46270 | C10: Calle Mayor 12, 3ºB, Madrid · Ref. 1234567VK4713S0001AB | D10: Patrimonial García López, S.L. · NIF B12345678 | E10: María García · NIF 12345678Z | F10: 1150 | G10: 30 | H10: 1150 | I10: 0 | J10: 75 | K10: 42 | L10: 25 | M10: 25 | N10: 0 | O10: 304 | P10: 780 | Q10: 0 | R10: =IF('Flujo de caja'!$A10="","",'Flujo de caja'!$H10+'Flujo de caja'!$I10) | S10: =IF('Flujo de caja'!$A10="","",'Flujo de caja'!$J10+'Flujo de caja'!$K10+'Flujo de caja'!$L10+'Flujo de caja'!$M10+'Flujo de caja'!$N10+'Flujo de caja'!$Q10) | T10: =IF('Flujo de caja'!$A10="","",'Flujo de caja'!$R10-'Flujo de caja'!$S10) | U10: =IF('Flujo de caja'!$A10="","",'Flujo de caja'!$T10-'Flujo de caja'!$P10) | V10: =IF(OR('Flujo de caja'!$A10="",'Flujo de caja'!$F10=""),"",IF('Flujo de caja'!$H10>='Flujo de caja'!$F10,"Cobrado","Pendiente")) | W10: Mantenimiento menor.
A11: Octubre 2026 | B11: 46300 | C11: Calle Mayor 12, 3ºB, Madrid · Ref. 1234567VK4713S0001AB | D11: Patrimonial García López, S.L. · NIF B12345678 | E11: María García · NIF 12345678Z | F11: 1150 | G11: 31 | H11: 1150 | I11: 0 | J11: 75 | K11: 42 | L11: 25 | M11: 90 | N11: 0 | O11: 303 | P11: 780 | Q11: 10 | R11: =IF('Flujo de caja'!$A11="","",'Flujo de caja'!$H11+'Flujo de caja'!$I11) | S11: =IF('Flujo de caja'!$A11="","",'Flujo de caja'!$J11+'Flujo de caja'!$K11+'Flujo de caja'!$L11+'Flujo de caja'!$M11+'Flujo de caja'!$N11+'Flujo de caja'!$Q11) | T11: =IF('Flujo de caja'!$A11="","",'Flujo de caja'!$R11-'Flujo de caja'!$S11) | U11: =IF('Flujo de caja'!$A11="","",'Flujo de caja'!$T11-'Flujo de caja'!$P11) | V11: =IF(OR('Flujo de caja'!$A11="",'Flujo de caja'!$F11=""),"",IF('Flujo de caja'!$H11>='Flujo de caja'!$F11,"Cobrado","Pendiente")) | W11: Ajuste de gastos de comunidad.
R12: =IF('Flujo de caja'!$A12="","",'Flujo de caja'!$H12+'Flujo de caja'!$I12) | S12: =IF('Flujo de caja'!$A12="","",'Flujo de caja'!$J12+'Flujo de caja'!$K12+'Flujo de caja'!$L12+'Flujo de caja'!$M12+'Flujo de caja'!$N12+'Flujo de caja'!$Q12) | T12: =IF('Flujo de caja'!$A12="","",'Flujo de caja'!$R12-'Flujo de caja'!$S12) | U12: =IF('Flujo de caja'!$A12="","",'Flujo de caja'!$T12-'Flujo de caja'!$P12) | V12: =IF(OR('Flujo de caja'!$A12="",'Flujo de caja'!$F12=""),"",IF('Flujo de caja'!$H12>='Flujo de caja'!$F12,"Cobrado","Pendiente"))
R13: =IF('Flujo de caja'!$A13="","",'Flujo de caja'!$H13+'Flujo de caja'!$I13) | S13: =IF('Flujo de caja'!$A13="","",'Flujo de caja'!$J13+'Flujo de caja'!$K13+'Flujo de caja'!$L13+'Flujo de caja'!$M13+'Flujo de caja'!$N13+'Flujo de caja'!$Q13) | T13: =IF('Flujo de caja'!$A13="","",'Flujo de caja'!$R13-'Flujo de caja'!$S13) | U13: =IF('Flujo de caja'!$A13="","",'Flujo de caja'!$T13-'Flujo de caja'!$P13) | V13: =IF(OR('Flujo de caja'!$A13="",'Flujo de caja'!$F13=""),"",IF('Flujo de caja'!$H13>='Flujo de caja'!$F13,"Cobrado","Pendiente"))
R14: =IF('Flujo de caja'!$A14="","",'Flujo de caja'!$H14+'Flujo de caja'!$I14) | S14: =IF('Flujo de caja'!$A14="","",'Flujo de caja'!$J14+'Flujo de caja'!$K14+'Flujo de caja'!$L14+'Flujo de caja'!$M14+'Flujo de caja'!$N14+'Flujo de caja'!$Q14) | T14: =IF('Flujo de caja'!$A14="","",'Flujo de caja'!$R14-'Flujo de caja'!$S14) | U14: =IF('Flujo de caja'!$A14="","",'Flujo de caja'!$T14-'Flujo de caja'!$P14) | V14: =IF(OR('Flujo de caja'!$A14="",'Flujo de caja'!$F14=""),"",IF('Flujo de caja'!$H14>='Flujo de caja'!$F14,"Cobrado","Pendiente"))
R15: =IF('Flujo de caja'!$A15="","",'Flujo de caja'!$H15+'Flujo de caja'!$I15) | S15: =IF('Flujo de caja'!$A15="","",'Flujo de caja'!$J15+'Flujo de caja'!$K15+'Flujo de caja'!$L15+'Flujo de caja'!$M15+'Flujo de caja'!$N15+'Flujo de caja'!$Q15) | T15: =IF('Flujo de caja'!$A15="","",'Flujo de caja'!$R15-'Flujo de caja'!$S15) | U15: =IF('Flujo de caja'!$A15="","",'Flujo de caja'!$T15-'Flujo de caja'!$P15) | V15: =IF(OR('Flujo de caja'!$A15="",'Flujo de caja'!$F15=""),"",IF('Flujo de caja'!$H15>='Flujo de caja'!$F15,"Cobrado","Pendiente"))
R16: =IF('Flujo de caja'!$A16="","",'Flujo de caja'!$H16+'Flujo de caja'!$I16) | S16: =IF('Flujo de caja'!$A16="","",'Flujo de caja'!$J16+'Flujo de caja'!$K16+'Flujo de caja'!$L16+'Flujo de caja'!$M16+'Flujo de caja'!$N16+'Flujo de caja'!$Q16) | T16: =IF('Flujo de caja'!$A16="","",'Flujo de caja'!$R16-'Flujo de caja'!$S16) | U16: =IF('Flujo de caja'!$A16="","",'Flujo de caja'!$T16-'Flujo de caja'!$P16) | V16: =IF(OR('Flujo de caja'!$A16="",'Flujo de caja'!$F16=""),"",IF('Flujo de caja'!$H16>='Flujo de caja'!$F16,"Cobrado","Pendiente"))
R17: =IF('Flujo de caja'!$A17="","",'Flujo de caja'!$H17+'Flujo de caja'!$I17) | S17: =IF('Flujo de caja'!$A17="","",'Flujo de caja'!$J17+'Flujo de caja'!$K17+'Flujo de caja'!$L17+'Flujo de caja'!$M17+'Flujo de caja'!$N17+'Flujo de caja'!$Q17) | T17: =IF('Flujo de caja'!$A17="","",'Flujo de caja'!$R17-'Flujo de caja'!$S17) | U17: =IF('Flujo de caja'!$A17="","",'Flujo de caja'!$T17-'Flujo de caja'!$P17) | V17: =IF(OR('Flujo de caja'!$A17="",'Flujo de caja'!$F17=""),"",IF('Flujo de caja'!$H17>='Flujo de caja'!$F17,"Cobrado","Pendiente"))
R18: =IF('Flujo de caja'!$A18="","",'Flujo de caja'!$H18+'Flujo de caja'!$I18) | S18: =IF('Flujo de caja'!$A18="","",'Flujo de caja'!$J18+'Flujo de caja'!$K18+'Flujo de caja'!$L18+'Flujo de caja'!$M18+'Flujo de caja'!$N18+'Flujo de caja'!$Q18) | T18: =IF('Flujo de caja'!$A18="","",'Flujo de caja'!$R18-'Flujo de caja'!$S18) | U18: =IF('Flujo de caja'!$A18="","",'Flujo de caja'!$T18-'Flujo de caja'!$P18) | V18: =IF(OR('Flujo de caja'!$A18="",'Flujo de caja'!$F18=""),"",IF('Flujo de caja'!$H18>='Flujo de caja'!$F18,"Cobrado","Pendiente"))
R19: =IF('Flujo de caja'!$A19="","",'Flujo de caja'!$H19+'Flujo de caja'!$I19) | S19: =IF('Flujo de caja'!$A19="","",'Flujo de caja'!$J19+'Flujo de caja'!$K19+'Flujo de caja'!$L19+'Flujo de caja'!$M19+'Flujo de caja'!$N19+'Flujo de caja'!$Q19) | T19: =IF('Flujo de caja'!$A19="","",'Flujo de caja'!$R19-'Flujo de caja'!$S19) | U19: =IF('Flujo de caja'!$A19="","",'Flujo de caja'!$T19-'Flujo de caja'!$P19) | V19: =IF(OR('Flujo de caja'!$A19="",'Flujo de caja'!$F19=""),"",IF('Flujo de caja'!$H19>='Flujo de caja'!$F19,"Cobrado","Pendiente"))
R20: =IF('Flujo de caja'!$A20="","",'Flujo de caja'!$H20+'Flujo de caja'!$I20) | S20: =IF('Flujo de caja'!$A20="","",'Flujo de caja'!$J20+'Flujo de caja'!$K20+'Flujo de caja'!$L20+'Flujo de caja'!$M20+'Flujo de caja'!$N20+'Flujo de caja'!$Q20) | T20: =IF('Flujo de caja'!$A20="","",'Flujo de caja'!$R20-'Flujo de caja'!$S20) | U20: =IF('Flujo de caja'!$A20="","",'Flujo de caja'!$T20-'Flujo de caja'!$P20) | V20: =IF(OR('Flujo de caja'!$A20="",'Flujo de caja'!$F20=""),"",IF('Flujo de caja'!$H20>='Flujo de caja'!$F20,"Cobrado","Pendiente"))
R21: =IF('Flujo de caja'!$A21="","",'Flujo de caja'!$H21+'Flujo de caja'!$I21) | S21: =IF('Flujo de caja'!$A21="","",'Flujo de caja'!$J21+'Flujo de caja'!$K21+'Flujo de caja'!$L21+'Flujo de caja'!$M21+'Flujo de caja'!$N21+'Flujo de caja'!$Q21) | T21: =IF('Flujo de caja'!$A21="","",'Flujo de caja'!$R21-'Flujo de caja'!$S21) | U21: =IF('Flujo de caja'!$A21="","",'Flujo de caja'!$T21-'Flujo de caja'!$P21) | V21: =IF(OR('Flujo de caja'!$A21="",'Flujo de caja'!$F21=""),"",IF('Flujo de caja'!$H21>='Flujo de caja'!$F21,"Cobrado","Pendiente"))
R22: =IF('Flujo de caja'!$A22="","",'Flujo de caja'!$H22+'Flujo de caja'!$I22) | S22: =IF('Flujo de caja'!$A22="","",'Flujo de caja'!$J22+'Flujo de caja'!$K22+'Flujo de caja'!$L22+'Flujo de caja'!$M22+'Flujo de caja'!$N22+'Flujo de caja'!$Q22) | T22: =IF('Flujo de caja'!$A22="","",'Flujo de caja'!$R22-'Flujo de caja'!$S22) | U22: =IF('Flujo de caja'!$A22="","",'Flujo de caja'!$T22-'Flujo de caja'!$P22) | V22: =IF(OR('Flujo de caja'!$A22="",'Flujo de caja'!$F22=""),"",IF('Flujo de caja'!$H22>='Flujo de caja'!$F22,"Cobrado","Pendiente"))
R23: =IF('Flujo de caja'!$A23="","",'Flujo de caja'!$H23+'Flujo de caja'!$I23) | S23: =IF('Flujo de caja'!$A23="","",'Flujo de caja'!$J23+'Flujo de caja'!$K23+'Flujo de caja'!$L23+'Flujo de caja'!$M23+'Flujo de caja'!$N23+'Flujo de caja'!$Q23) | T23: =IF('Flujo de caja'!$A23="","",'Flujo de caja'!$R23-'Flujo de caja'!$S23) | U23: =IF('Flujo de caja'!$A23="","",'Flujo de caja'!$T23-'Flujo de caja'!$P23) | V23: =IF(OR('Flujo de caja'!$A23="",'Flujo de caja'!$F23=""),"",IF('Flujo de caja'!$H23>='Flujo de caja'!$F23,"Cobrado","Pendiente"))
... R101: =IF('Flujo de caja'!$A101="","",'Flujo de caja'!$H101+'Flujo de caja'!$I101) | S101: =IF('Flujo de caja'!$A101="","",'Flujo de caja'!$J101+'Flujo de caja'!$K101+'Flujo de caja'!$L101+'Flujo de caja'!$M101+'Flujo de caja'!$N101+'Flujo de caja'!$Q101) | T101: =IF('Flujo de caja'!$A101="","",'Flujo de caja'!$R101-'Flujo de caja'!$S101) | U101: =IF('Flujo de caja'!$A101="","",'Flujo de caja'!$T101-'Flujo de caja'!$P101) | V101: =IF(OR('Flujo de caja'!$A101="",'Flujo de caja'!$F101=""),"",IF('Flujo de caja'!$H101>='Flujo de caja'!$F101,"Cobrado","Pendiente"))
A102: TOTAL / MEDIA | F102: =IFERROR(AVERAGE('Flujo de caja'!$F$2:$F$101),0) | G102: =IFERROR(AVERAGE('Flujo de caja'!$G$2:$G$101),0) | H102: =SUM('Flujo de caja'!$H$2:$H$101) | I102: =SUM('Flujo de caja'!$I$2:$I$101) | J102: =SUM('Flujo de caja'!$J$2:$J$101) | K102: =SUM('Flujo de caja'!$K$2:$K$101) | L102: =SUM('Flujo de caja'!$L$2:$L$101) | M102: =SUM('Flujo de caja'!$M$2:$M$101) | N102: =SUM('Flujo de caja'!$N$2:$N$101) | O102: =SUM('Flujo de caja'!$O$2:$O$101) | P102: =SUM('Flujo de caja'!$P$2:$P$101) | Q102: =SUM('Flujo de caja'!$Q$2:$Q$101) | R102: =SUM('Flujo de caja'!$R$2:$R$101) | S102: =SUM('Flujo de caja'!$S$2:$S$101) | T102: =SUM('Flujo de caja'!$T$2:$T$101) | U102: =SUM('Flujo de caja'!$U$2:$U$101)

Sheet Resumen
A1: Resumen del flujo de caja del alquiler – 2026
A3: Ingresos totales | C3: Gastos operativos totales | E3: Intereses hipotecarios totales | G3: Cuotas hipotecarias totales | J3: Consulta mensual
A4: =SUM('Flujo de caja'!$R$2:$R$101) | C4: =SUM('Flujo de caja'!$S$2:$S$101) | E4: =SUM('Flujo de caja'!$O$2:$O$101) | G4: =SUM('Flujo de caja'!$P$2:$P$101)
J5: Seleccionar mes
A6: Flujo neto acumulado | C6: Flujo neto medio mensual | E6: Tasa de cobro | G6: Meses con flujo negativo | J6: Flujo neto consultado | K6: =IF('Resumen'!$K$5="","",IFERROR(VLOOKUP('Resumen'!$K$5,'Flujo de caja'!$A$2:$U$101,21,FALSE),""))
A7: =SUM('Flujo de caja'!$U$2:$U$101) | C7: =IFERROR(AVERAGE('Flujo de caja'!$U$2:$U$101),0) | E7: =IFERROR(SUM('Flujo de caja'!$H$2:$H$101)/SUM('Flujo de caja'!$F$2:$F$101),0) | G7: =COUNTIF('Flujo de caja'!$U$2:$U$101,"<0") | J7: Estado de cobro | K7: =IF('Resumen'!$K$5="","",IFERROR(VLOOKUP('Resumen'!$K$5,'Flujo de caja'!$A$2:$V$101,22,FALSE),""))
A9: Cobros pendientes | B9: =COUNTIF('Flujo de caja'!$V$2:$V$101,"Pendiente")
A10: Tipo de salida | B10: Importe anual (€) | J10: Supuestos
A11: Comunidad | B11: =SUM('Flujo de caja'!$J$2:$J$101) | J11: Reducción IRPF por alquiler de vivienda habitual | K11: 60%
A12: IBI | B12: =SUM('Flujo de caja'!$K$2:$K$101) | J12: Amortización fiscal estimada del inmueble | K12: 3%
A13: Seguro | B13: =SUM('Flujo de caja'!$L$2:$L$101) | J13: Fianza legal | K13: Una mensualidad
A14: Reparaciones | B14: =SUM('Flujo de caja'!$M$2:$M$101) | J14: Periodicidad del IBI | K14: Anual, prorrateada mensualmente
A15: Suministros | B15: =SUM('Flujo de caja'!$N$2:$N$101) | J15: Referencia normativa | K15: LAU y gastos deducibles del alquiler
A16: Intereses hipotecarios | B16: =SUM('Flujo de caja'!$O$2:$O$101)
A17: Otros gastos | B17: =SUM('Flujo de caja'!$Q$2:$Q$101)

Sheet Instrucciones
A1: Instrucciones de uso del flujo de caja de alquiler
A3: N.º | B3: Guía de uso
A4: 1 | B4: Introducir o modificar únicamente las celdas amarillas.
A5: 2 | B5: Registrar la renta efectivamente cobrada, no solo la renta contractual.
A6: 3 | B6: La fianza no debe considerarse ingreso recurrente; se muestra separadamente para controlar el movimiento de tesorería.
A7: 4 | B7: Prorratear IBI, seguro y gastos anuales entre 12 meses para obtener una visión mensual comparable.
A8: 5 | B8: Registrar los intereses hipotecarios separados de la amortización de capital incluida en la cuota hipotecaria.
A9: 6 | B9: Revisar los meses con estado “Pendiente” y los flujos netos negativos señalados mediante formato condicional.
A10: 7 | B10: Los gastos deducibles pueden incluir comunidad, seguro, IBI, intereses y amortización fiscal del 3%, según la situación concreta y el criterio de la Agencia Tributaria.
A11: 8 | B11: Consultar a un asesor fiscal sobre IRPF, fianza autonómica y deducciones aplicables.
A12: 9 | B12: La muestra corresponde a Calle Mayor 12, 3ºB, Madrid, referencia catastral 1234567VK4713S0001AB, propiedad de Patrimonial García López, S.L.
